 Dungeon Crawl Stone Soup version 0.31-a0-542-gdc2a67831c (webtiles) character file.

Game seed: 13232701732981386185

1058 pascalblue the Destroyer (level 8, 0/42 HPs)
             Began as a Deep Elf Conjurer on Aug 14, 2023.
             Slain by a gnoll sergeant
             ... wielding a +2 heavy spear
              (16 damage)
             ... on level 5 of the Dungeon.
             The game lasted 00:10:31 (4857 turns).

pascalblue the Destroyer (Deep Elf Conjurer)        Turns: 4857, Time: 00:10:32

Health: 0/42       AC:  7    Str: 10    XL:     8   Next: 6%
Magic:  0/21       EV: 12    Int: 26    God:
Gold:   259        SH:  0    Dex: 13    Spells: 11/22 levels left

rFire   . . .        n - +2 flail (protect)
rCold   . . .        (no shield)
rNeg    . . .        a - +0 robe
rPois   .            p - +0 helmet
rElec   .            f - +2 cloak {Will+}
rCorr   .            g - +0 pair of gloves
SInv    .            (no boots)
Will    +....        m - amulet of regeneration
Stlth   ++           s - +6 ring of strength
HPRegen 1.07/turn    (no ring)
MPRegen 0.17/turn

%: no passive effects
@: no status effects
A: no striking features
a: no special abilities


You were on level 5 of the Dungeon.
You visited 1 branch of the dungeon, and saw 5 of its levels.

You collected 259 gold pieces.

Inventory:

Hand Weapons
 c - a +2 spear of freezing
 n - a +2 flail of protection (weapon)
Armour
 a - a +0 robe (worn)
 f - a +2 cloak of willpower (worn)
 g - a +0 pair of gloves (worn)
 p - a +0 helmet (worn)
Jewellery
 m - an amulet of regeneration (around neck)
 s - a +6 ring of strength (left hand)
Talismans
 e - a flux talisman
Wands
 j - a wand of charming (5)
 q - a wand of mindburst (19)
Potions
 b - a potion of magic
 d - 3 potions of lignification
 h - a potion of cancellation
 i - 2 potions of curing
 k - a potion of mutation
 l - a potion of haste {unknown}
 o - a potion of heal wounds {unknown}


   Skills:
 - Level 0.3 Fighting
 - Level 0.1 Maces & Flails
 - Level 1.2 Polearms
 - Level 2.4 Dodging
 - Level 2.4 Stealth
 + Level 7.5 Spellcasting
 * Level 9.1 Conjurations
 + Level 1.1 Translocations


You had 11 spell levels left.
You knew the following spells:

 Your Spells              Type           Power      Damage    Failure   Level
a - Magic Dart            Conj           100%       1d8       1%          1
b - Searing Ray           Conj           100%       2d8       1%          2
c - Fulminant Prism       Conj/Hex       16%        3d11      9%          4
d - Iskenderun's Mystic   Conj/Tloc      36%        2d9       7%          4

Your spell library contained the following spells:

 Spells                   Type           Power      Damage    Failure   Level
 Dazzling Flash           Conj/Hex       66%        N/A       2%          3
 Stone Arrow              Conj/Erth      66%        3d11      2%          3
 Mephitic Cloud           Conj/Pois/Air  25%        N/A       4%          3
 Sandblast                Erth           18%        2d7       6%          1
 Call Imp                 Summ           18%        N/A       9%          2
 Cigotuvi's Dreadful Rot  Necr/Pois/Air  18%        N/A       9%          2
 Passwall                 Tmut/Erth      7%         N/A       9%          2
 Scorch                   Fire           18%        2d5       9%          2
 Sublimation of Blood     Necr           9%         N/A       9%          2
 Flame Wave               Conj/Fire      33%        2d10      9%          4
 Ignite Poison            Fire/Tmut/Pois 9%         N/A       19%         3
 Tukima's Dance           Hex            9%         N/A       19%         3
 Irradiate                Conj/Tmut      16%        3d17      26%         5
 Passage of Golubria      Tloc           15%        N/A       36%         4
 Freezing Cloud           Conj/Ice/Air   12%        6-21      43%         5
 Petrify                  Tmut/Erth      9%         N/A       52%         4
 Yara's Violent Unravell  Hex/Tmut       4%         3d4       86%         5
 Summon Cactus Giant      Summ           4%         N/A       100%        6


Dungeon Overview and Level Annotations

Branches:
Dungeon (5/15)
 Temple: D:4-7

Altars:
Qazlal
Ru


Message History

The iguana is almost dead.
The searing ray hits the gnoll sergeant!
The gnoll sergeant is moderately wounded.
The searing ray hits the gnoll.
The gnoll is moderately wounded. (Press . to maintain the ray.)
The iguana bites you but does no damage.
The searing ray hits the iguana but does no damage.
The iguana is almost dead.
The searing ray hits the gnoll sergeant.
The gnoll sergeant is heavily wounded.
The searing ray hits the gnoll!
You kill the gnoll!
The gnoll sergeant hits you from afar with a +2 heavy spear.
The iguana closely misses you.
Your Translocations skill increases to level 1!
The searing ray misses the iguana.
The searing ray hits the gnoll sergeant!
The gnoll sergeant is almost dead.
The gnoll shouts!
The gnoll sergeant hits you from afar with a +2 heavy spear.
The iguana bites you!
* * * LOW HITPOINT WARNING * * *
The searing ray hits the iguana.
You kill the iguana!
The searing ray hits the gnoll sergeant.
The gnoll sergeant is almost dead.
You finish channelling your searing ray.
The gnoll shouts!
Casting: Searing Ray (safe; 1% risk of failure)
Confirm with . or Enter, or press ? or * to list all spells.
Aiming: Magic Dart (safe; 1% risk of failure)
Press: ? - help, Shift-Dir - straight line, f - gnoll sergeant
Aim: a gnoll sergeant, wielding a +2 heavy spear and wearing a +0 ring mail (almost dead, 100% to hit)
The magic dart hits the gnoll sergeant but does no damage.
The gnoll sergeant is almost dead.
The gnoll sergeant barely misses you.
You feel better.
The gnoll sergeant hits you from afar with a +2 heavy spear!
You die...

#.# ############ #.
##.####...##.....# #.
#####.....####.#.....###########.
........###...#.#................
########.#....#.#....###########.
..###...#.....#.#."..##### ##.
##.#....#....#...###.....## #..
..#.....#...##...# #####..# #..
..#....#.###.#[.@## ##.#####.#
..#...###...#.#.#.# #....##.#
.#.###.#....#.#.#g##########.##.#
###...#.....#.#.#g#......###<....
.#....#....#...#.).#####..##.....
#..>..#...##...#.g.# ##........
#....#.###.#...#...### #####....
#...###...#.#.#.#.#.#.### #....
.###.#....#.#.#.#.#.#...# #....


You could see a gnoll sergeant and 2 gnolls.

Vanquished Creatures
  Sigmund (D:3)
  A black bear (D:5)
  2 ice beasts (D:5)
  2 phantoms (D:5)
  A scorpion (D:4)
  An orc priest (D:5)
  A jelly (D:4)
  Ijyb (D:4)
  2 iguanas (D:5)
  10 gnolls
  3 adders
  An ufetubus (D:5)
  3 worms
  3 dart slugs
  14 orcs
  9 ball pythons
  8 endoplasms
  4 giant cockroaches
  15 goblins
  11 hobgoblins
  4 jackals (D:1)
  5 kobolds
  5 quokkas
  6 bats
  5 frilled lizards
  7 rats
125 creatures vanquished.

Notes
Turn   | Place    | Note
-------+----------+-------------------------------------------
     0 | D:1      | pascalblue the Deep Elf Conjurer began the quest for the
                  | Orb.
     0 | D:1      | Reached XP level 1. HP: 10/10 MP: 6/6
   231 | D:1      | Reached XP level 2. HP: 15/15 MP: 0/8
   241 | D:1      | Reached skill level 5 in Conjurations
   495 | D:1      | Reached XP level 3. HP: 19/19 MP: 1/9
   577 | D:1      | Learned a level 2 spell: Searing Ray
  2111 | D:3      | Reached XP level 4. HP: 24/24 MP: 3/11
  2246 | D:3      | Found a faded altar of an unknown god.
  2321 | D:3      | Found a stormy altar of Qazlal.
  2701 | D:3      | Reached skill level 6 in Conjurations
  2892 | D:3      | Noticed Sigmund
  2901 | D:3      | Killed Sigmund
  2902 | D:3      | Reached skill level 5 in Spellcasting
  2902 | D:3      | Reached XP level 5. HP: 8/28 MP: 2/14
  2902 | D:3      | Reached XP level 6. HP: 9/32 MP: 2/15
  3385 | D:4      | Reached skill level 7 in Conjurations
  3418 | D:4      | Found a sacrificial altar of Ru.
  3440 | D:4      | Reached skill level 1 in Polearms
  3625 | D:4      | Identified the +5 leather armour of Grottiness {rElec}
  3859 | D:4      | Noticed Ijyb
  3887 | D:4      | Killed Ijyb
  4179 | D:5      | Entered Level 5 of the Dungeon
  4179 | D:5      | Noticed an ice beast
  4185 | D:5      | Killed an ice beast
  4186 | D:5      | Reached XP level 7. HP: 25/36 MP: 7/18
  4224 | D:5      | Reached skill level 8 in Conjurations
  4688 | D:5      | Learned a level 4 spell: Fulminant Prism
  4693 | D:5      | Learned a level 4 spell: Iskenderun's Mystic Blast
  4804 | D:5      | Reached skill level 9 in Conjurations
  4808 | D:5      | Reached XP level 8. HP: 38/42 MP: 5/21
  4853 | D:5      | Reached skill level 1 in Translocations
  4857 | D:5      | Slain by a gnoll sergeant

Illustrated notes

Levels and vault maps discovered:
D:1:      heliophobic_arrival_glass_houses, layout_basic
D:2:      layout_loops_ring, minmay_increasing_density
D:3:      minmay_inner_zag, layout_loops_ring, mainiacjoe_overflow_paths,
          shapermc_ecumenical_altar_gd, minmay_crystal_room,
          chequers_serial_rivers_marsh, minmay_statues_item, uniq_sigmund
D:4:      kennysheep_the_goblin_king, layout_cave_pools,
          nicolae_overflow_crystal_walls, kennysheep_generic_room_3
D:5:      nicolae_BIG_FREAKIN_CUBE, layout_rooms,
          chequers_temple_overflow_statue_of_worship

Skill      XL: |  1  2  3  4  5  6  7  8 |
---------------+-------------------------+-----
Conjurations   | 5 6 7 9 |  9.1
Spellcasting   | 5 6 7 |  7.5
Polearms       | 1 |  1.2
Translocations | 1 |  1.1
Fighting       | |  0.3
Maces & Flails | |  0.1
Dodging        | |  2.4
Stealth        | |  2.4

Action                     |  1- 3 |  4- 6 |  7- 9 || total
---------------------------+-------+-------+-------++-------
  Melee: Spear             |    10 |     2 |       ||    12
         Flail             |       |       |     5 ||     5
   Cast: Magic Dart        |    91 |    69 |    15 ||   175
         Searing Ray       |       |    15 |    14 ||    29
    Use: Scroll            |     3 |     5 |     2 ||    10
         Potion            |       |       |     1 ||     1
 Armour: Robe              |     5 |     4 |    10 ||    19
  Dodge: Dodged            |    12 |     6 |    19 ||    37

Table legend: (Time is in decaauts)
 A = Elapsed time spent in this place.
 B = Non-inter-level travel time spent in this place.
 C = Inter-level travel time spent in this place.
 D = Time resting spent in this place.
 E = Time spent auto-exploring this place.
 F = Levels seen in this place.
 G = Mean time per level.
                   A        B        C        D        E       F      G
               +--------+--------+--------+--------+--------+-----+--------+
         Total |   4860 |   4779 |     81 |    198 |   3957 |   5 |  972.0 |
       Dungeon |   4860 |   4779 |     81 |    198 |   3957 |   5 |  972.0 |
               +--------+--------+--------+--------+--------+-----+--------+

Top non-repeatable levels by time:
     D:3: 1203 daAuts
     D:1: 1138 daAuts
     D:2: 957 daAuts
     D:4: 880 daAuts
     D:5: 679 daAuts
